Map: 2000 Atmosphären LE

Players

Cheater-1 (Extrem) - Winner!

  • Race: Protoss Protoss

Luca

  • Race: Terran Terran

VOD

Have the link to the VOD?

Description

Time

  • Played on: March 26, 2022, 1:46 a.m.
  • Length: 4:18
Show
View Real Time Build Order
Export as new Build Order

Cheater-1 (Extrem) Protoss - Winner!

Build Orders:  

Get SALT Encoding   

  12  0:00  Probe  
  13  0:13  Probe  
  14  0:19  Pylon  
  14  0:25  Probe  
  15  0:33  Probe  
  15  0:41  Probe  
  15  0:42  Assimilator  
  16  0:45  Gateway  
  17  0:51  Probe  
  17  0:53  Pylon  
  18  1:00  Probe  
  19  1:08  Probe  
  19  1:18  Probe  
  20  1:23  Gateway  
  21  1:30  Probe  
  21  1:32  Zealot  
  24  1:34  Pylon  
  24  1:35  Cybernetics Core  
  24  1:42  Probe  
  24  1:44  Assimilator  
  25  1:54  Probe  
  25  1:59  Zealot  
  28  2:02  Probe  
  29  2:11  Probe  
  29  2:12  Adept  
  29  2:13  Robotics Facility  
  29  2:14  Warp Gate  
  32  2:20  Probe  
  32  2:23  Pylon  
  32  2:26  Adept  
  35  2:42  Adept  
  37  2:46  Pylon  
  37  2:57  Sentry  
  39  3:01  Immortal, Pylon  
  39  3:02  Adept  
  45  3:17  Pylon  
  45  3:23  Stalker  
  47  3:32  Adept  
  53  3:48  Pylon  
  53  3:54  Probe  
  45  4:09  Stalker  
Show
View Real Time Build Order
Export as new Build Order

Luca Terran 

Build Orders: 1/1/1, Widow Mine Drop 

Get SALT Encoding   

  12  0:00  SCV  
  13  0:12  SCV  
  14  0:17  Supply Depot  
  14  0:24  SCV  
  14  0:28  Refinery  
  16  0:44  Barracks  
  16  0:45  SCV  
  16  0:58  SCV  
  17  1:10  SCV  
  18  1:22  SCV  
  19  1:32  Factory  
  19  1:35  Marine, Orbital Command  
  19  1:38  Supply Depot  
  20  1:42  Refinery  
  20  1:54  Marine  
  22  2:01  SCV  
  22  2:12  Marine  
  22  2:13  SCV  
  24  2:16  Widow Mine, Starport  
  26  2:23  Supply Depot  
  26  2:25  SCV  
  26  2:29  Marine  
  28  2:38  Widow Mine  
  28  2:39  Bunker  
  30  2:45  SCV  
  30  2:47  Marine  
  32  2:52  Medivac  
  34  2:58  Armory  
  34  3:01  SCV  
  34  3:05  Widow Mine  
  37  3:14  Marine  
  37  3:18  Supply Depot  
  38  3:20  SCV  
  39  3:39  SCV  
  39  3:40  Widow Mine  
  39  3:41  Supply Depot  
  45  3:42  Marine  
  46  3:51  SCV  
  46  4:04  SCV, Supply Depot  
Tags
 
Add a new tag
Caveats
  • Supply blocks, unpowered buildings, or Contaminate may cause inaccurate times.
  • Supply counts are checked every 10 seconds.